 Dungeon Crawl Stone Soup version 0.24-a0-504-gcfb02b9d07 (webtiles) character file.

Game seed: 6364109043139325445

100 KristoblXynda the Sneak (level 4, 0/37 HPs)
             Began as a Draconian Enchanter on July 17, 2019.
             Slain by a hobgoblin (5 damage)
             ... led by Robin
             ... on level 2 of the Dungeon.
             The game lasted 00:03:58 (2029 turns).

KristoblXynda the Sneak (Draconian Enchanter)       Turns: 2029, Time: 00:03:59

Health: 0/37       AC:  6    Str: 11    XL:     4   Next: 46%
Magic:  7/7        EV: 12    Int: 16    God:
Gold:   96         SH:  0    Dex: 11    Spells: 1/7 levels left

rFire    . . .     SeeInvis .   a - +1 dagger
rCold    . . .     Gourm    .   (no shield)
rNeg     . . .     Faith    .   (armour unavailable)
rPois    .         Spirit   .   (helmet restricted)
rElec    .         Reflect  .   (no cloak)
rCorr    .         Harm     .   (no gloves)
MR       .....                  d - +0 pair of boots
Stlth    ++........             (no amulet)
HPRegen  0.12/turn              (no ring)
MPRegen  0.10/turn              (no ring)

@: flying
A: unfitting armour, cold-blooded, AC +5
a: no special abilities


You were on level 2 of the Dungeon.
You were not hungry.

You visited 1 branch of the dungeon, and saw 2 of its levels.

You collected 96 gold pieces.

Inventory:

Hand Weapons
 a - a +1 dagger (weapon)
Armour
 d - a +0 pair of boots (worn)
Scrolls
 e - 2 scrolls of identify {unknown}
 i - a scroll of random uselessness {unknown}
Potions
 f - a potion of agility {unknown}
 h - a potion of ambrosia {unknown}
Comestibles
 c - 3 rations


   Skills:
 + Level 2.5 Fighting
 - Level 1.0 Short Blades
 - Level 1.7 Dodging
 + Level 3.6 Stealth
 - Level 2.0 Spellcasting
 + Level 3.5 Hexes


You had one spell level left.
You knew the following spells:

 Your Spells              Type           Power        Failure   Level  Hunger
a - Corona                Hex            ##.....      4%          1    #......
b - Ensorcelled Hibernat  Hex/Ice        #.....       16%         2    ###....
c - Confuse               Hex            ##......     14%         3    ###....

Your spell library contained the following spells:

 Spells                   Type           Power        Failure   Level  Hunger
 Tukima's Dance           Hex            ##......     14%         3    ###....
 Dazzling Spray           Conj/Hex       #.....       30%         3    ###....


Dungeon Overview and Level Annotations

Branches:
Dungeon (2/15)

Altars:

Annotations:
D:2 Robin


Innate Abilities, Weirdness & Mutations

Your plain brown scales are hard. (AC +5)
You cannot fit into any form of body armour.
You are cold-blooded and may be slowed by cold attacks.


Message History

The hobgoblin barely misses you. The goblin hits you.
Robin hits you from afar with a +0 spear.
You closely miss the goblin. The hobgoblin closely misses you.
The goblin hits you.
Robin hits you from afar with a +0 spear.
You closely miss the goblin. The hobgoblin hits you.
The goblin barely misses you. Robin barely misses you.
You hit the goblin.
The goblin is moderately wounded.
The hobgoblin hits you.
* * * LOW HITPOINT WARNING * * *
The goblin hits you.
* * * LOW HITPOINT WARNING * * *
Robin barely misses you.
Unknown command.
Unknown command.
It was a potion of flight.
You feel very buoyant.
You fly up into the air.
The hobgoblin hits you.
You die...

# ######## .......###
#.####...################# #.#
###.......g@gg......#
#.######################.######.#
#..........# ####........#
#..<.......# #....####....
#...g..g...# #....# #.##
#..........##########..gg# #.##
#........................#####.#.
#...........>.......g.......##.#.
#..........#.................#...


You could see Robin, a hobgoblin and a goblin.

Vanquished Creatures
  3 adders (D:2)
  An ooze (D:2)
  2 leopard geckos
  5 giant cockroaches
  9 goblins
  12 hobgoblins
  4 jackals (D:2)
  6 kobolds
  3 quokkas (D:2)
  7 bats
  2 frilled lizards (D:1)
  4 rats
58 creatures vanquished.

Notes
Turn   | Place    | Note
-------+----------+-------------------------------------------
     0 | D:1      | KristoblXynda the Draconian Enchanter began the quest for
                  | the Orb.
     0 | D:1      | Reached XP level 1. HP: 14/14 MP: 3/3
   344 | D:1      | Reached skill level 1 in Fighting
   344 | D:1      | Reached XP level 2. HP: 23/23 MP: 5/5
   430 | D:1      | Learned a level 2 spell: Ensorcelled Hibernation
   811 | D:1      | Reached XP level 3. HP: 26/28 MP: 6/6
   816 | D:1      | Learned a level 3 spell: Confuse
  1422 | D:2      | Reached XP level 4. HP: 34/36 MP: 4/7
  1518 | D:2      | Noticed Robin
  2029 | D:2      | Slain by a hobgoblin

Levels and vault maps discovered:
D:1:      dpeg_arrival_morbid_curiosity, layout_rooms
D:2:      layout_rooms, kennysheep_vampire_church, uniq_robin, uniq_sigmund

Skill      XL: |  1  2  3 |
---------------+----------+-----
Fighting       | 1 2 |  2.5
Stealth        | 3 |  3.6
Hexes          | 3 |  3.5
Short Blades   | |  1.0
Dodging        | |  1.7
Spellcasting   | |  2.0

Action                   |  1- 3 |  4- 6 || total
-------------------------+-------+-------++-------
Melee: Dagger            |   156 |    84 ||   240
       Tailslap          |     9 |     7 ||    16
 Cast: Corona            |     6 |       ||     6
       Ensorcelled Hiber |     5 |     4 ||     9
  Use: Scroll            |     1 |       ||     1
       Potion            |       |     1 ||     1
 Stab: Sleeping          |     7 |     7 ||    14
  Eat: Chunk             |     1 |     4 ||     5
Armor: Skin              |    47 |    20 ||    67
Dodge: Dodged            |   105 |    64 ||   169

Table legend:
 A = Non-vault XP
 B = Vault XP
 C = Vault XP percentage of total XP
 D = Non-vault monster count
 E = Vault monster count
 F = Vault count percentage of total count
                 A         B        C        D         E       F
            +---------+---------+-------+---------+---------+-------
      Total |     119 |      24 |  16.8 |      46 |      12 |  20.7
            +---------+---------+-------+---------+---------+-------
        D:1 |      37 |      12 |  24.5 |      22 |       6 |  21.4
        D:2 |      82 |      12 |  12.8 |      24 |       6 |  20.0
            +---------+---------+-------+---------+---------+-------
